Map: 2000 애트모스피어 - 래더

Players

TIME (Oliveira) - Winner!

  • Race: Terran Terran

Ryung

  • Race: Terran Terran

Event: IEM Katowice 2022

VOD

Have the link to the VOD?

Description

Time

  • Played on: Feb. 24, 2022, 2:01 p.m.
  • Length: 14:08

All games in this series

Show
View Real Time Build Order
Export as new Build Order

TIME Terran - Winner!

Build Orders: Gas First Reaper Expand, Hellion Opening 

Get SALT Encoding   

  12  0:00  SCV  
  13  0:12  SCV  
  14  0:16  Supply Depot  
  14  0:24  SCV  
  14  0:27  Refinery  
  15  0:38  SCV  
  16  0:44  Barracks  
  16  0:50  SCV  
  17  1:02  SCV  
  18  1:14  SCV  
  19  1:31  Reaper, Orbital Command  
  20  1:41  Command Center  
  20  1:51  Factory  
  20  1:56  SCV  
  21  2:06  Barracks Reactor  
  21  2:09  SCV  
  21  2:12  Supply Depot, Refinery  
  22  2:21  SCV  
  23  2:33  SCV  
  24  2:40  Starport  
  24  2:45  Hellion x2  
  24  2:46  SCV  
  29  2:51  Barracks Tech Lab  
  29  2:53  Orbital Command  
  29  2:59  SCV  
  30  3:07  Hellion x2  
  30  3:11  SCV  
  36  3:20  SCV  
  36  3:22  Raven  
  36  3:23  SCV  
  39  3:28  Hellion x2  
  39  3:30  Supply Depot  
  39  3:33  SCV  
  44  3:36  Refinery  
  44  3:38  SCV  
  45  3:45  SCV  
  46  3:51  Supply Depot  
  46  3:52  SCV  
  46  3:55  Factory Tech Lab, Marine x2  
  49  3:57  SCV  
  50  4:04  SCV  
  50  4:07  Raven  
  50  4:09  SCV  
  54  4:15  Supply Depot, Marine, Cyclone  
  54  4:16  SCV, Marine  
  60  4:21  SCV  
  61  4:31  SCV, Command Center  
  61  4:36  SCV  
  61  4:37  Supply Depot  
  63  4:38  Marine  
  63  4:43  SCV  
  66  4:47  Siege Tank  
  66  4:48  SCV  
  70  4:53  Supply Depot  
  70  4:59  SCV  
  70  5:00  SCV  
  70  5:02  Viking x2  
  75  5:07  Marine  
  75  5:12  SCV  
  75  5:13  SCV  
  78  5:19  Siege Tank  
  81  5:23  Barracks  
  81  5:25  Marine  
  81  5:26  SCV  
  81  5:27  Barracks, SCV  
  84  5:32  Refinery  
  84  5:38  Viking  
  84  5:39  Supply Depot  
  86  5:42  Viking  
  86  5:44  SCV  
  86  5:45  SCV  
  90  5:54  Siege Tank  
  91  5:57  SCV  
  91  5:58  Barracks Tech Lab  
  91  6:03  SCV, Orbital Command  
  92  6:10  Viking  
  94  6:11  SCV  
  94  6:12  Viking  
  94  6:15  SCV  
  98  6:22  Stimpack  
  98  6:23  Barracks Reactor, Engineering Bay x2  
  98  6:24  Marine  
  99  6:25  SCV  
  99  6:27  Barracks, SCV  
  99  6:29  Barracks  
  97  6:34  Siege Tank  
  87  6:41  Viking, Orbital Command, Marine  
  87  6:42  SCV x2  
  87  6:45  Viking  
  94  6:48  Barracks Reactor  
  94  6:54  SCV  
  94  6:56  Supply Depot  
  94  6:57  Terran Infantry Weapons Level 1  
  94  6:59  SCV, Marine  
  97  7:06  SCV x2  
  97  7:09  Marine x2  
  97  7:12  Siege Tank  
  97  7:13  SCV  
  102  7:18  SCV, Viking  
  105  7:29  Marine x2  
  107  7:30  SCV x2  
  107  7:31  SCV  
  107  7:32  Supply Depot  
  109  7:42  SCV  
  104  7:53  Marine  
  104  7:54  Barracks Reactor  
  104  7:55  SCV  
  104  7:56  SCV  
  104  7:57  Marine  
  107  8:00  Marine  
  107  8:03  Barracks Reactor, Combat Shield  
  107  8:04  SCV  
  100  8:07  SCV  
  100  8:08  Marine  
  100  8:10  Marine  
  100  8:11  SCV, Marine  
  101  8:13  Viking, Siege Tank  
  101  8:14  Viking  
  101  8:16  SCV  
  101  8:19  SCV  
  110  8:20  Marine x2  
  110  8:21  Command Center  
  110  8:22  Supply Depot x2  
  110  8:23  SCV  
  110  8:25  Armory  
  113  8:27  Marine  
  113  8:28  Marine  
  113  8:31  SCV, Sensor Tower  
  113  8:32  Marine  
  117  8:43  SCV x2, Marine x2  
  117  8:44  SCV  
  122  8:53  Marine x2  
  122  8:54  Siege Tank  
  127  8:55  SCV x2  
  127  8:59  SCV, Marine x2  
  132  9:04  Supply Depot  
  132  9:05  Supply Depot  
  132  9:10  Refinery, Marine  
  132  9:11  Refinery  
  133  9:20  Sensor Tower  
  133  9:23  Marine  
  133  9:25  Terran Infantry Armor Level 1, Medivac x2, Marine x3  
  133  9:27  Terran Infantry Weapons Level 2  
  140  9:34  Missile Turret, Marine x3  
  140  9:39  SCV  
  140  9:42  Marine x2  
  140  9:43  Marine  
  140  9:44  Marine  
  140  9:45  Siege Tank  
  146  9:46  SCV x2  
  146  9:49  Marine  
  148  9:55  Factory  
  148  9:59  Planetary Fortress  
  148  10:01  Barracks Reactor  
  148  10:02  Supply Depot x2, Marine  
  148  10:03  Marine x2  
  148  10:06  SCV  
  152  10:11  Missile Turret, Terran Vehicle Weapons Level 1  
  152  10:12  Marine  
  152  10:14  SCV  
  153  10:15  SCV  
  153  10:17  Marine x2  
  153  10:19  Marine  
  156  10:22  SCV  
  156  10:23  Marine  
  157  10:31  Marine  
  157  10:32  Marine  
  157  10:33  Marine  
  157  10:34  Siege Tank  
  163  10:36  Sensor Tower  
  163  10:38  Medivac x2  
  163  10:40  Marine x2  
  168  10:44  Siege Tank  
  168  10:47  Marine x2  
  172  11:03  Marine  
  172  11:06  Marine x3  
  172  11:08  Marine x2, Siege Tank  
  180  11:11  Refinery x2  
  180  11:12  Command Center  
  180  11:13  Supply Depot  
  178  11:19  Supply Depot, Marine  
  178  11:21  Terran Infantry Armor Level 2  
  179  11:30  Siege Tank  
  178  11:37  Marine  
  178  11:38  Marine  
  157  11:40  Marine x2  
  157  11:41  Marine x3, Siege Tank  
  157  11:45  Marine  
  157  11:46  Marine  
  157  11:47  Marine  
  159  11:55  Marine  
  159  11:56  Marine  
  159  11:58  Marine x2  
  159  11:59  Marine  
  159  12:00  Marine x2  
  166  12:03  SCV x2  
  166  12:06  Starport  
  166  12:07  Marine  
  169  12:09  Starport  
  169  12:13  Marine x2  
  169  12:14  Missile Turret  
  171  12:15  Missile Turret  
  171  12:18  Marine x2  
  171  12:20  Marine x2  
  171  12:22  Marine x2  
  177  12:24  Siege Tank  
  177  12:25  Siege Tank  
  156  12:38  Marine  
  156  12:41  Marine x2  
  156  12:42  Marine  
  156  12:43  Marine x2  
  142  12:44  Marine x2  
  142  12:46  Starport Tech Lab x2  
  142  12:50  Marine x2  
  142  12:56  Marine  
  142  12:57  Siege Tank x2  
  147  12:58  Marine  
  147  12:59  Viking  
  147  13:04  Marine  
  147  13:05  Marine  
  144  13:08  Raven x2  
  144  13:10  Marine x2  
  128  13:25  Marine x2  
  125  13:29  Marine, Siege Tank  
  125  13:31  Marine x2  
  125  13:32  Marine  
  125  13:33  Marine x2  
  134  13:34  Viking x2  
  134  13:37  Marine x2  
  140  13:44  Marine x2  
  140  13:46  SCV, Marine  
  143  13:49  Marine  
  143  13:50  Marine  
  143  13:54  SCV x2  
Show
View Real Time Build Order
Export as new Build Order

Ryung Terran 

Build Orders: Gas First Reaper Expand, Hellion Opening 

Get SALT Encoding   

  12  0:00  SCV  
  13  0:12  SCV  
  14  0:17  Supply Depot  
  14  0:24  SCV  
  14  0:27  Refinery  
  15  0:38  SCV  
  16  0:43  Barracks  
  16  0:51  SCV  
  17  1:03  SCV  
  18  1:15  SCV  
  19  1:30  Reaper, Orbital Command  
  20  1:41  Command Center  
  20  1:51  Factory  
  20  1:56  SCV  
  21  2:06  Barracks Reactor  
  21  2:08  SCV  
  22  2:09  Supply Depot  
  22  2:13  Refinery  
  22  2:20  SCV  
  23  2:32  SCV  
  24  2:40  Starport  
  24  2:44  SCV  
  24  2:46  Hellion  
  24  2:47  Hellion  
  24  2:50  Barracks Tech Lab  
  29  2:53  Orbital Command  
  29  2:56  SCV  
  30  3:07  Hellion  
  30  3:09  Hellion  
  30  3:10  SCV  
  35  3:19  SCV  
  36  3:22  SCV  
  36  3:23  Refinery, Raven  
  39  3:30  Hellion  
  39  3:32  Hellion  
  43  3:35  Supply Depot  
  43  3:37  SCV  
  43  3:40  SCV  
  45  3:41  Barracks Tech Lab  
  45  3:49  SCV  
  45  3:53  Supply Depot  
  46  3:56  SCV  
  46  4:01  SCV  
  48  4:06  Marine x2, Cyclone  
  48  4:09  SCV  
  54  4:14  Raven  
  54  4:15  Supply Depot, SCV  
  57  4:23  SCV  
  58  4:25  Marine x2  
  58  4:27  SCV  
  61  4:39  Siege Tank, Command Center  
  61  4:41  SCV  
  61  4:42  SCV  
  66  4:46  Supply Depot  
  66  4:54  SCV x2  
  66  4:57  Refinery, Raven  
  70  5:08  Marine x2  
  70  5:09  Supply Depot, SCV x2  
  70  5:11  Siege Tank  
  77  5:15  Supply Depot  
  77  5:21  SCV  
  78  5:30  SCV  
  78  5:33  Barracks  
  78  5:34  SCV, Barracks  
  80  5:39  Engineering Bay  
  80  5:41  Engineering Bay  
  81  5:42  SCV  
  81  5:44  Siege Tank  
  84  5:53  SCV  
  84  5:54  Marine  
  84  5:55  Viking  
  84  5:56  Viking  
  91  6:02  Orbital Command  
  91  6:03  SCV  
  91  6:05  SCV  
  90  6:13  Marine  
  90  6:14  Stimpack  
  90  6:15  Terran Infantry Weapons Level 1  
  90  6:16  Siege Tank  
  90  6:17  SCV  
  90  6:18  Terran Infantry Armor Level 1  
  93  6:22  SCV  
  94  6:25  Viking  
  94  6:29  SCV  
  94  6:30  Viking  
  99  6:33  Orbital Command  
  92  6:40  Barracks Reactor x2  
  92  6:41  SCV x2  
  94  6:47  Missile Turret  
  94  6:50  Missile Turret, Marine  
  94  6:53  SCV  
  94  6:54  Supply Depot, SCV, Siege Tank  
  97  6:58  Missile Turret  
  100  7:02  Viking  
  100  7:06  SCV x2  
  103  7:09  SCV  
  103  7:15  Viking  
  106  7:16  Marine x3  
  106  7:17  Marine x2  
  106  7:18  SCV x2  
  113  7:26  Missile Turret  
  113  7:28  SCV  
  113  7:29  Siege Tank  
  116  7:30  SCV  
  117  7:40  Supply Depot, Marine  
  117  7:41  Supply Depot  
  117  7:43  SCV, Refinery x2, Marine x2  
  116  7:52  Viking x2  
  116  7:53  Marine x2  
  121  7:58  Marine  
  121  8:00  SCV x2, Marine  
  121  8:03  Marine  
  116  8:14  Combat Shield  
  111  8:24  Command Center  
  111  8:25  Medivac x2  
  115  8:30  Marine x2  
  115  8:33  Marine x2  
  119  8:39  Marine  
  120  8:47  Siege Tank  
  120  8:48  Marine x2  
  125  9:02  Supply Depot  
  125  9:08  Barracks, Armory  
  125  9:15  Supply Depot, Barracks  
  125  9:24  Medivac x2, Siege Tank  
  132  9:27  SCV x2  
  134  9:34  Marine x4  
  134  9:37  Orbital Command  
  137  9:45  Marine  
  129  9:51  SCV x2  
  129  9:52  Marine x4  
  134  9:56  Barracks Reactor, Siege Tank  
  134  9:57  Terran Infantry Weapons Level 2  
  134  9:58  Terran Infantry Armor Level 2  
  138  10:03  SCV, Marine  
  138  10:06  Barracks Reactor  
  140  10:09  Marine  
  140  10:10  Marine x3  
  140  10:13  Terran Vehicle Weapons Level 1  
  144  10:21  Marine  
  145  10:23  Viking x2  
  145  10:27  Marine x3  
  152  10:28  Siege Tank  
  155  10:38  Marine  
  155  10:39  Marine x2  
  155  10:41  Command Center  
  158  10:46  Refinery, Marine x4  
  158  10:49  Refinery  
  162  10:55  Marine x2  
  162  10:56  Marine  
  165  11:00  Marine  
  165  11:03  Marine  
  165  11:04  Marine x2  
  163  11:07  Viking  
  165  11:11  Supply Depot  
  165  11:12  Supply Depot  
  165  11:32  Marine  
  165  11:33  Viking, Marine x8  
  146  11:42  Siege Tank  
  133  11:49  Factory  
  133  11:50  Marine x6  
  133  11:51  Marine x2  
  140  12:00  Orbital Command  
  136  12:08  Marine x8  
  136  12:13  Viking x2  
  136  12:14  Siege Tank  
  151  12:15  Barracks Reactor  
  151  12:22  Starport  
  151  12:25  SCV, Starport  
  151  12:26  SCV x2, Marine x8  
  96  12:44  Marine x8  
  96  12:46  Viking x2  
  104  12:52  Marine x2  
  104  12:54  Siege Tank  
  109  13:02  Marine x8  
  112  13:09  Siege Tank  
  112  13:10  Marine x2  
  117  13:19  Marine x6  
  107  13:20  Marine x2  
  107  13:26  Siege Tank  
  108  13:28  Viking x2, Marine x2  
  114  13:37  Marine x5  
  114  13:39  Marine  
  114  13:40  Marine x2  
  121  13:45  Marine  
  117  13:49  Marine  
  125  14:02  Starport Tech Lab  
  125  14:03  Starport Tech Lab  

Tags
 
Add a new tag
Caveats
  • Supply blocks, unpowered buildings, or Contaminate may cause inaccurate times.
  • Supply counts are checked every 10 seconds.